 Seeded DCSS version 0.26-a0-651-gb41185065b (webtiles) character file.

Game seed: 9774047472488868803 (custom seed)

227823 flotson the Fighter (level 19, -2/152 HPs)
             Began as a Gnoll Wanderer on Sept 27, 2020.
             Was the Champion of Fedhas.
             Killed from afar by Nikola (27 damage)
             ... with a chain lightning
             ... on level 2 of the Swamp on Sept 29, 2020.
             The game lasted 01:54:26 (40621 turns).

flotson the Fighter (Gnoll Wanderer)               Turns: 40621, Time: 01:54:26

Health: -2/152     AC: 26    Str: 22    XL:     19   Next: 79%
Magic:  32/36      EV: 17    Int: 17    God:    Fedhas [******]
Gold:   506        SH: 23    Dex: 16    Spells: 20/45 levels left

rFire    + . .     SeeInvis +   b - +8 whip "Snakebite" {curare, rPois}
rCold    + + .     Faith    .   B - +0 tower shield
rNeg     + . .     Spirit   .   j - +10 scale mail "Boriu" {rPois rC+}
rPois    +         Reflect  .   Z - +1 helmet {SInv}
rElec    .         Harm     .   N - +0 cloak of the Shining Light {Regen+}
rCorr    .         Rampage  .   g - +0 pair of gloves {Str+3}
MR       +++..     Clarity  +   O - +0 pair of boots
Stlth    ++++......             R - amulet of the Four Winds {rN+ MR+++ Clar}
HPRegen  0.75/turn              x - ring of wizardry
MPRegen  0.25/turn              T - ring of Egomania {rPois rF+ rC+ MR-}

@: studying Ice Magic
A: distributed training, fangs 1, hooves 1, large bone plates 1, strong nose
a: Wall of Briars, Grow Ballistomycete, Overgrow, Grow Oklob, Renounce Religion


You were on level 2 of the Swamp.
You worshipped Fedhas.
Fedhas was exalted by your worship.
You visited 7 branches of the dungeon, and saw 30 of its levels.
You also visited: Bailey and Ice Cave.

You collected 2712 gold pieces.
You spent 2206 gold pieces at shops.

Inventory:

Hand Weapons
 a - the +6 shillelagh "Devastator" {shatter}
   (You found it on level 1 of the Swamp)
 b - the +8 whip "Snakebite" (weapon) {curare, rPois}
   (You found it on level 1 of the Lair of Beasts)

   It poisons the flesh of those it strikes.
   It protects you from poison.
 u - the +9 flail "Qergho Piel" {protect, rF+ Int+5}
   (You found it on level 1 of the Swamp)

   It grants its wielder temporary protection when it strikes (+7 to AC).
   It affects your intelligence (+5).
   It protects you from fire.
 U - the +9 scimitar of Spite {drain, Int+4}
   (You found it in a bailey)

   A truly terrible weapon, it drains the life of those it strikes.
   It affects your intelligence (+4).
Missiles
 i - 6 datura-tipped darts
 s - 7 curare-tipped darts (quivered)
 t - a throwing net
 Q - 8 atropa-tipped darts
Armour
 g - a +0 pair of gloves of strength (worn)
 j - the +10 scale mail "Boriu" (worn) {rPois rC+}
   (You found it on level 13 of the Dungeon)

   It protects you from cold.
   It protects you from poison.
 B - a +0 tower shield (worn)
 N - the +0 cloak of the Shining Light (worn) {Regen+}
   (You found it on level 5 of the Dungeon)

   It increases your rate of regeneration.
 O - a +0 pair of boots (worn)
 Z - a +1 helmet of see invisible (worn)
Jewellery
 m - an uncursed ring of resist corrosion
 x - a ring of wizardry (left hand)
 R - the amulet of the Four Winds (around neck) {rN+ MR+++ Clar}
   (You bought it in a shop on level 4 of the Dungeon)

   [amulet of nothing]

   It protects you from negative energy.
   It affects your resistance to hostile enchantments.
   It protects you against confusion.
 T - the ring of Egomania (right hand) {rPois rF+ rC+ MR-}
   (You bought it in a shop on level 4 of the Dungeon)

   [ring of protection from cold]

   It protects you from fire.
   It protects you from cold.
   It protects you from poison.
   It affects your resistance to hostile enchantments.
Wands
 y - a wand of iceblast (32)
 P - a wand of digging (34)
 S - a wand of paralysis (6)
Scrolls
 d - 13 scrolls of teleportation
 e - 16 scrolls of remove curse
 f - 2 scrolls of holy word
 h - 2 scrolls of blinking
 k - 3 scrolls of magic mapping
 l - 6 scrolls of fog
 q - 5 scrolls of immolation
 D - a scroll of enchant armour
 F - a scroll of torment
 H - 2 scrolls of silence {unknown}
 J - a scroll of random uselessness {unknown}
 L - 3 scrolls of vulnerability
 M - a scroll of noise {unknown}
 Y - 2 scrolls of fear {unknown}
Potions
 n - a potion of berserk rage
 o - 3 potions of mutation
 p - a potion of might
 v - a potion of invisibility
 w - 6 potions of flight
 z - 4 potions of lignification
 A - 2 potions of ambrosia
 C - a potion of heal wounds
 E - 17 potions of curing
 I - a potion of haste
 K - a potion of resistance
Books
 c - a manual of Ice Magic
 r - a manual of Ice Magic
Miscellaneous
 G - a condenser vane (2/2)
 V - a box of beasts (3/3)
 X - a tin of tremorstones (3/3)


   Skills:
 + Level 14.1 Fighting
 + Level 12.9 Short Blades
 + Level 12.9 Long Blades
 + Level 12.9 Axes
 + Level 12.9 Maces & Flails
 + Level 12.9 Polearms
 + Level 12.9 Staves
 + Level 12.9 Slings
 + Level 12.9 Bows
 + Level 12.9 Crossbows
 + Level 13.1 Throwing
 + Level 12.9 Armour
 + Level 12.9 Dodging
 + Level 12.9 Stealth
 + Level 13.1 Shields
 + Level 12.9 Unarmed Combat
 + Level 13.6 Spellcasting
 + Level 11.1 Conjurations
 + Level 11.2 Hexes
 + Level 11.1 Summonings
 + Level 11.6 Necromancy
 + Level 11.1 Translocations
 + Level 11.1 Transmutations
 + Level 11.1 Fire Magic
 + Level 13.2 Ice Magic
 + Level 11.1 Air Magic
 + Level 11.1 Earth Magic
 + Level 11.1 Poison Magic
 + Level 13.9 Invocations
 + Level 12.9 Evocations


You had 20 spell levels left.
You knew the following spells:

 Your Spells              Type           Power        Failure   Level
a - Mephitic Cloud        Conj/Pois/Air  #####...     1%          3
b - Blink                 Tloc           N/A          1%          2
c - Summon Lightning Spi  Summ/Air       #####...     2%          4
d - Silence               Hex/Air        #####.....   6%          5
e - Borgnjor's Vile Clut  Necr/Erth      ######....   6%          5
f - Apportation           Tloc           #####.       1%          1
g - Fireball              Conj/Fire      #####.....   6%          5

Your spell library contained the following spells:

 Spells                   Type           Power        Failure   Level
 Animate Skeleton         Necr           ######       1%          1
 Corona                   Hex            ######.      1%          1
 Foxfire                  Conj/Fire      ####         1%          1
 Freeze                   Ice            ####         1%          1
 Magic Dart               Conj           ####         1%          1
 Shock                    Conj/Air       ####         1%          1
 Summon Small Mammal      Summ           ####         1%          1
 Call Imp                 Summ           #####...     1%          2
 Corpse Rot               Necr/Air       N/A          1%          2
 Ensorcelled Hibernation  Hex/Ice        ######       1%          2
 Poisonous Vapours        Pois/Air       #####.       1%          2
 Searing Ray              Conj           #####.       1%          2
 Slow                     Hex            ######..     1%          2
 Sublimation of Blood     Necr           ######....   1%          2
 Confusing Touch          Hex            ######..     1%          3
 Conjure Flame            Conj/Fire      #####...     1%          3
 Frozen Ramparts          Ice            ######       1%          3
 Gell's Gravitas          Tloc           #####.....   1%          3
 Ignite Poison            Fire/Tmut/Pois #####...     1%          3
 Inner Flame              Hex/Fire       #####...     1%          3
 Ozocubu's Armour         Ice            ######..     1%          3
 Portal Projectile        Hex/Tloc       #####.       1%          3
 Spider Form              Tmut/Pois      #####.....   1%          3
 Static Discharge         Conj/Air       #####...     1%          3
 Hailstorm                Conj/Ice       ######..     1%          4
 Summon Ice Beast         Ice/Summ       ######..     1%          4
 Cause Fear               Hex            ######....   2%          4
 Leda's Liquefaction      Hex/Erth       #####.....   2%          4
 Petrify                  Tmut/Erth      #####...     2%          4
 Metabolic Englaciation   Hex/Ice        ######....   4%          5
 Alistair's Intoxication  Tmut/Pois      #####....    6%          5
 Bolt of Magma            Conj/Fire/Erth #####.....   6%          5
 Irradiate                Conj/Tmut      #####.....   6%          5
 Yara's Violent Unravell  Hex/Tmut       #####.....   6%          5
 Freezing Cloud           Conj/Ice/Air   ######....   26%         6
 Eringya's Noxious Bog    Tmut/Pois      #####.....   32%         6
 Hydra Form               Tmut           #####.....   32%         6
 Invisibility             Hex            ######..     32%         6
 Iron Shot                Conj/Erth      #####.....   32%         6
 Shadow Creatures         Summ           N/A          32%         6
 Starburst                Conj/Fire      #####.....   32%         6
 Statue Form              Tmut/Erth      #####....    32%         6
 Dragon Form              Tmut           #####.....   86%         7
 Malign Gateway           Summ/Tloc      #####.....   86%         7
 Dragon's Call            Summ           #####.....   100%        9
 Shatter                  Erth           #####.....   100%        9


Dungeon Overview and Level Annotations

Branches:
Dungeon (15/15)            Temple (1/1) D:5            Lair (6/6) D:11
  Swamp (2/4) Lair:2       Spider (0/4) Lair:3        Slime (0/5) Lair:5
    Orc (2/2) D:10            Elf (3/3) Orc:2        Vaults (0/5) D:14
 Depths (1/5) D:15         Bailey (visited)           IceCv (visited)

Altars:
Ashenzari
Cheibriados
Dithmenos
Elyvilon
Fedhas
Gozag
Hepliaklqana
Kikubaaqudgha
Makhleb
Nemelex Xobeh
Okawaru
Qazlal
Ru
Sif Muna
Trog
Vehumet
Xom
Zin
The Shining One
Beogh
Jiyva

Shops:
D:4 =   D:10 *   D:14 ?   Orc:2 *[(:   Elf:1 *

Annotations:
D:8 exclusion: statue
Lair:3 3 runed translucent doors, Luuwnalu's ghost, journeyman KoHu
Swamp:2 Nikola
Abyss:1 Prince Ribbit


Innate Abilities, Weirdness & Mutations

Your experience applies equally to all skills.
You have very sharp teeth.
Your uncanny sense of smell can sniff out nearby items.
You have large cloven feet.
You are partially covered in large bone plates. (SH +4)


Message History

The lightning arc hits you!!
* * * LOW HITPOINT WARNING * * *
Your lightning spire shoots out a bolt of lightning at Nikola!
The bolt of electricity misses Nikola.
Unknown command.
Your lightning spire shoots out a bolt of lightning at Nikola!
The bolt of electricity misses Nikola.
A ballistomycete spore comes into view.
Nikola casts a spell.
You hear a mighty clap of thunder!
The lightning arc hits your ballistomycete spore!!
Your ballistomycete spore explodes!
The explosion of spores engulfs your lightning spire!
Your lightning spire is heavily damaged.
The lightning arc hits your lightning spire.
Your lightning spire completely resists.
The lightning arc hits your ballistomycete!!
The lightning arc hits you!!
You die...
Fedhas appreciates your contribution to the ecosystem.

♣♣♣ ♣♣≈♣♣ ♣.≈≈♣
♣≈≈.♣ ♣≈..♣♣ ♣♣...≈♣
♣♣♣♣♣ ♣♣♣♣ ♣§≈≈.♣♣
♣.♣♣≈ ♣♣≈.♣♣♣♣.≈.≈♣
♣≈♣♣. ♣≈.@≈.......♣
♣♣§≈♣[
♣≈P≈≈.≈≈.≈≈.♣♣♣≈..≈≈
♣♣8≈≈≈≈≈≈≈≈.♣≈♣≈≈≈♣♣
♣≈≈≈≈≈≈..≈♣≈≈≈...≈≈
♣≈≈≈≈≈≈≈≈≈...(♣≈....
♣.≈≈≈.≈≈≈≈≈≈≈.§>..≈≈
♣.≈≈.§≈≈≈≈≈≈≈≈....≈≈
♣♣...(≈@≈≈≈≈≈≈≈≈.§≈≈
♣♣♣.(≈.≈.≈≈≈≈≈≈.≈≈≈


You could see Nikola (very poisoned, slow), a friendly ballistomycete (summoned)
and a friendly lightning spire (summoned).

Vanquished Creatures
  2 deep elf blademasters (Elf:3)
  2 deep elf master archers (Elf:3)
  A sphinx (Elf:1)
  Frances (Swamp:1)
  4 deep elf sorcerers
  The ghost of Melum the Severer, a journeyman MiHu of Uskayaw (Orc:2)
  An orc warlord (Orc:2)
  A deep elf elementalist (Elf:3)
  The ghost of pkoi the Grappler, a journeyman MiMo of Okawaru (Orc:2)
  The ghost of ggurman the Bludgeoner, a journeyman MiFi of Okawaru (Orc:2)
  The ghost of rz the Whirler, a journeyman HaHu of Okawaru (Orc:2)
  5 deep elf demonologists (Elf:3)
  Azrael (D:11)
  The ghost of Teryn the Corrupter of Planes, a journeyman DsAK of Lugonu (Orc:2)
  6 deep elf annihilators
  An ettin (D:15)
  11 deep elf death magi (Elf:3)
  2 fire dragons (Elf:1)
  Fannar (Lair:2)
  3 deep elf high priests (Elf:3)
  4 vault guards (D:14)
  13 hydras
  3 centaur warriors
  Erica (Lair:2)
  6 ghost crabs (Swamp:1)
  12 two-headed ogres
  A death knight (D:13)
  24 dancing weapons
  A catoblepas (Lair:6)
  A tengu warrior (D:15)
  10 death yaks
  3 orc high priests
  12 alligators
  32 deep elf knights
  The ghost of CowFu the Fighter, a novice DrTm of Wu Jian (D:5)
  A skeletal warrior (D:13)
  A small abomination (Elf:3)
  Nergalle (D:12)
  A deep troll (D:15)
  An unseen horror (D:15)
  A swamp dragon (Swamp:1)
  10 deep elf archers
  2 spriggan druids
  Pikel (D:5)
  A necromancer (IceCv)
  5 orc sorcerers
  2 wolf spider zombies
  6 orc knights
  53 deep elf magi
  19 ugly things
  6 manticores
  2 centaur zombies
  6 elephants
  4 black mambas
  Joseph (D:10)
  24 cane toads
  3 apocalypse crabs (Swamp:1)
  An ice statue (IceCv)
  A gargoyle (D:13)
  A torpor snail (Lair:6)
  2 yaktaurs
  8 komodo dragons
  4 rime drakes
  An efreet (D:11)
  14 freezing wraiths
  2 tengu conjurers
  A jumping spider (shapeshifter) (D:15)
  A wolf spider simulacrum (IceCv)
  5 trolls
  3 bog bodies
  7 tyrant leeches
  5 hornets
  13 hippogriffs
  14 slime creatures
  25 blink frogs
  7 redbacks (Lair:3)
  2 shadows
  3 spriggans
  2 water elementals
  An air elemental (Elf:3)
  4 wyverns
  2 wraiths
  50 yaks
  8 fire elementals
  12 vampire mosquitoes
  A death yak simulacrum (IceCv)
  3 basilisks
  6 wargs
  A soldier ant (D:12)
  20 insubstantial wisps
  11 swamp worms
  5 hell hounds
  19 water moccasins
  12 porcupines
  42 orc warriors
  5 swamp drakes
  10 ice beasts
  4 sky beasts
  An eye of draining (D:5)
  A black bear (D:13)
  4 phantoms
  19 ogres
  6 wolves (Lair:1)
  3 centaurs
  13 crocodiles
  3 big kobolds
  32 bullfrogs
  5 earth elementals
  A gnoll sergeant (D:7)
  A wyvern zombie (D:9)
  A scorpion (D:4)
  A water moccasin zombie (D:5)
  An elephant simulacrum (IceCv)
  5 killer bees (D:12)
  9 wights
  4 howler monkeys
  An electric eel (Lair:2)
  4 draconian simulacra (IceCv)
  2 quasits
  2 bullfrog zombies
  8 hounds
  A gnoll shaman (Orc:2)
  3 jellies
  20 orc priests
  9 centaur skeletons
  36 orc wizards
  3 bullfrog skeletons
  3 iguanas
  5 worker ants
  6 troll simulacra (IceCv)
  3 spriggan simulacra (IceCv)
  A wolf simulacrum (IceCv)
  A killer bee zombie (D:6)
  3 centaur simulacra (IceCv)
  2 hound zombies (D:7)
  A howler monkey zombie (D:11)
  2 worker ant zombies
  9 gnolls
  2 naga simulacra (IceCv)
  2 ogre simulacra (IceCv)
  20 adders
  A howler monkey skeleton (D:11)
  A shadow imp (D:8)
  27 white imps
  2 ufetubi
  An adder skeleton (D:5)
  2 dart slugs
  3 worms
  8 leopard geckos
  118 orcs
  3 bats
  6 giant cockroaches
  8 hobgoblins
  6 jackals (D:1)
  4 quokkas
  3 ball pythons
  16 frilled lizards
  8 goblins
  49 kobolds
  A leopard gecko skeleton (D:4)
  A quokka skeleton (D:10)
  2 rats
  A ballistomycete spore (D:14)
  A crawling corpse (Elf:3)
1191 creatures vanquished.

Vanquished Creatures (collateral kills)
  Snorg (Lair:4)
  A hydra (Elf:1)
  An orc sorcerer (Orc:2)
  A hell hound (Elf:1)
  4 killer bees (D:7)
  A wight (D:6)
  50 ballistomycete spores
59 creatures vanquished.

Vanquished Creatures (others)
  Donald (Swamp:1)
  2 thorn hunters
  A deep elf elementalist (Elf:3)
  2 alligators (Swamp:2)
  A small abomination (Elf:3)
  2 deep elf knights (Elf:1)
  A spriggan druid (Swamp:1)
  A deep elf mage (Elf:3)
  A tyrant leech (Swamp:2)
  A slime creature (Swamp:2)
  A blink frog (Swamp:2)
  A spriggan (Swamp:2)
  An insubstantial wisp (Swamp:2)
  A swamp drake (Swamp:2)
  A bullfrog (D:6)
  An orc wizard (Orc:2)
  3 ballistomycete spores
  A briar patch (Swamp:2)
  77 fungi
  222 plants
322 creatures vanquished.

Grand Total: 1572 creatures vanquished

Notes
Turn   | Place    | Note
-------+----------+-------------------------------------------
     0 | D:1      | flotson the Gnoll Wanderer began the quest for the Orb.
     0 | D:1      | flotson set off with the following items: a +0 dagger, 13
                  | poisoned darts, a +0 robe; and the following spells
                  | available to memorise: Slow, Freeze, Magic Dart, Blink,
                  | Call Imp, Conjure Flame, Mephitic Cloud, Ozocubu's Armour
     0 | D:1      | Reached XP level 1. HP: 23/23 MP: 6/6
   526 | D:1      | Reached XP level 2. HP: 27/29 MP: 7/7
  1155 | D:1      | Reached XP level 3. HP: 35/35 MP: 9/9
  1191 | D:1      | Reached skill level 5 in Spellcasting
  1659 | D:2      | Reached skill level 1 in Invocations
  1660 | D:2      | Found an iron altar of Okawaru.
  1882 | D:2      | Reached skill level 1 in Short Blades
  1882 | D:2      | Reached skill level 1 in Long Blades
  1882 | D:2      | Reached skill level 1 in Axes
  1882 | D:2      | Reached skill level 1 in Maces & Flails
  1882 | D:2      | Reached skill level 1 in Polearms
  1882 | D:2      | Reached skill level 1 in Staves
  1882 | D:2      | Reached skill level 1 in Slings
  1882 | D:2      | Reached skill level 1 in Bows
  1882 | D:2      | Reached skill level 1 in Crossbows
  1882 | D:2      | Reached skill level 1 in Armour
  1882 | D:2      | Reached skill level 1 in Dodging
  1882 | D:2      | Reached skill level 1 in Stealth
  1882 | D:2      | Reached skill level 1 in Unarmed Combat
  1882 | D:2      | Reached skill level 1 in Evocations
  2402 | D:2      | Reached XP level 4. HP: 41/41 MP: 11/11
  3359 | D:3      | Reached skill level 1 in Conjurations
  3359 | D:3      | Reached skill level 1 in Summonings
  3359 | D:3      | Reached skill level 1 in Translocations
  3359 | D:3      | Reached skill level 1 in Transmutations
  3359 | D:3      | Reached skill level 1 in Fire Magic
  3359 | D:3      | Reached skill level 1 in Ice Magic
  3359 | D:3      | Reached skill level 1 in Air Magic
  3359 | D:3      | Reached skill level 1 in Earth Magic
  3359 | D:3      | Reached skill level 1 in Poison Magic
  3553 | D:4      | Reached XP level 5. HP: 41/47 MP: 12/12
  3830 | D:4      | Reached XP level 6. HP: 38/53 MP: 13/13
  3990 | D:4      | Found a white marble altar of Elyvilon.
  4287 | D:4      | Found a sacrificial altar of Ru.
  4313 | D:4      | Found a broken altar of Ashenzari.
  4590 | D:4      | Found Being's Jewellery Shoppe.
  4809 | D:5      | Entered Level 5 of the Dungeon
  4888 | D:5      | Reached XP level 7. HP: 22/59 MP: 15/15
  5220 | D:5      | Got a jewelled cloak
  5226 | D:5      | Identified the cursed +0 cloak of the Shining Light
                  | {Regen+} (You found it on level 5 of the Dungeon)
  5250 | D:5      | Reached skill level 7 in Fighting
  5314 | D:5      | Found a staircase to the Ecumenical Temple.
  5327 | Temple   | Entered the Ecumenical Temple
  5357 | Temple   | Became a worshipper of Fedhas Madash
  5380 | D:5      | Noticed Pikel
  5400 | D:5      | Identified the +2 leather armour of Booscho {Harm}
  5403 | D:5      | Killed Pikel
  5403 | D:5      | Reached XP level 8. HP: 66/67 MP: 16/16
  5439 | D:5      | Found a runed translucent door.
  5439 | D:5      | Noticed CowFu's ghost (novice DrTm)
  5649 | D:5      | Found a bloodstained altar of Trog.
  6246 | D:6      | Reached * piety under Fedhas
  6775 | D:6      | Reached skill level 5 in Necromancy
  6775 | D:6      | Reached XP level 9. HP: 55/72 MP: 18/18
  6777 | D:6      | Reached ** piety under Fedhas
  7168 | D:6      | Found an ancient bone altar of Kikubaaqudgha.
  7306 | D:6      | Reached skill level 5 in Throwing
  7306 | D:6      | Reached skill level 5 in Shields
  8636 | D:6      | Found an ancient bone altar of Kikubaaqudgha.
  8748 | D:5      | Killed CowFu's ghost
  8748 | D:5      | Reached skill level 8 in Fighting
  8748 | D:5      | Reached skill level 5 in Invocations
  8970 | D:7      | Reached skill level 9 in Fighting
  8970 | D:7      | Reached skill level 5 in Conjurations
  8970 | D:7      | Reached skill level 5 in Hexes
  8970 | D:7      | Reached skill level 5 in Summonings
  8970 | D:7      | Reached skill level 5 in Translocations
  8970 | D:7      | Reached skill level 5 in Transmutations
  8970 | D:7      | Reached skill level 5 in Fire Magic
  8970 | D:7      | Reached skill level 5 in Ice Magic
  8970 | D:7      | Reached skill level 5 in Air Magic
  8970 | D:7      | Reached skill level 5 in Earth Magic
  8970 | D:7      | Reached skill level 5 in Poison Magic
  8970 | D:7      | Reached XP level 10. HP: 83/83 MP: 19/22
  9273 | D:7      | Noticed Prince Ribbit
  9297 | D:6      | Banished Prince Ribbit
  9297 | D:6      | Reached XP level 11. HP: 73/89 MP: 23/23
  9326 | D:6      | Reached *** piety under Fedhas
  9778 | D:8      | Found a radiant altar of Vehumet.
  9973 | D:8      | Found a flagged portal.
  9984 | Bailey   | Entered a bailey
 10108 | Bailey   | Learned a level 3 spell: Mephitic Cloud
 10111 | Bailey   | Learned a level 2 spell: Blink
 10149 | Bailey   | Got an iridescent scimitar
 10150 | Bailey   | Identified the +9 scimitar of Spite {drain, Int+4} (You
                  | found it in a bailey)
 10155 | Bailey   | Gained mutation: Scrolls take you a little longer to read.
                  | [mutagenic glow]
 10174 | Bailey   | Gained mutation: Armour fits poorly on your strangely
                  | shaped body. [mutagenic glow]
 10229 | Bailey   | Lost mutation: Scrolls take you a little longer to read.
                  | [potion of mutation]
 10229 | Bailey   | Lost mutation: Armour fits poorly on your strangely shaped
                  | body. [potion of mutation]
 10229 | Bailey   | Gained mutation: You are weak. (Str -2) [potion of
                  | mutation]
 10229 | Bailey   | Gained mutation: You have large cloven feet. [potion of
                  | mutation]
 10229 | Bailey   | Gained mutation: You evolve. [potion of mutation]
 10339 | Bailey   | Reached **** piety under Fedhas
 10979 | D:9      | Noticed a two-headed ogre
 10982 | D:9      | Killed a two-headed ogre
 11301 | D:9      | Lost mutation: You are weak. (Str -2) [evolution]
 11396 | D:9      | Reached ***** piety under Fedhas
 11479 | D:9      | Found a snail-covered altar of Cheibriados.
 11590 | D:10     | Entered Level 10 of the Dungeon
 11642 | D:10     | Noticed Joseph
 11643 | D:10     | Found Gozag's Platinum Reserve.
 11664 | D:10     | Found an opulent altar of Gozag.
 11685 | D:10     | Killed Joseph
 11792 | D:10     | Got a heavily runed chain mail
 11803 | D:10     | Identified the +8 chain mail "Mullar" {Rampage *Drain rPois
                  | SInv} (You found it on level 10 of the Dungeon)
 11892 | D:10     | Found a staircase to the Orcish Mines.
 12158 | D:10     | Noticed a green ugly thing
 12165 | D:10     | Killed a green ugly thing
 12663 | D:11     | Noticed a centaur warrior
 12669 | D:11     | Killed a centaur warrior
 12687 | D:11     | Found a staircase to the Lair.
 12692 | D:11     | Noticed a white ugly thing
 12722 | D:11     | Killed a white ugly thing
 12722 | D:11     | Reached XP level 12. HP: 83/97 MP: 24/24
 12799 | D:11     | Noticed a two-headed ogre
 13368 | D:4      | Bought the amulet of the Four Winds {rN+ MR+++ Clar} for
                  | 614 gold pieces
 13368 | D:4      | Found the amulet of the Four Winds {rN+ MR+++ Clar}
 13526 | D:11     | Killed a two-headed ogre
 13585 | Lair:1   | Entered Level 1 of the Lair of Beasts
 13743 | Lair:1   | Noticed an eight-headed hydra
 13752 | Lair:1   | Reached skill level 10 in Fighting
 13775 | Lair:1   | Killed an eight-headed hydra
 13841 | Lair:1   | Gained mutation: You are robust. (+10% HP) [evolution]
 14535 | Lair:1   | Found the +8 whip "Snakebite" {curare, rPois}
 14647 | Lair:2   | Noticed Erica
 14660 | Lair:2   | Killed Erica
 14857 | Lair:2   | Reached XP level 13. HP: 94/114 MP: 26/26
 15014 | Lair:2   | Noticed Fannar
 15037 | Lair:2   | Killed Fannar
 15140 | Lair:2   | Gained mutation: You are partially covered in large bone
                  | plates. (SH +4) [evolution]
 15584 | Lair:2   | Found a staircase to the Swamp.
 15800 | Lair:3   | Found a runed translucent gate.
 15800 | Lair:3   | Found a runed translucent gate.
 15800 | Lair:3   | Found a runed translucent gate.
 15804 | Lair:3   | Noticed a death ooze
 15804 | Lair:3   | Noticed Luuwnalu's ghost (journeyman KoHu)
 16222 | Lair:3   | Reached skill level 10 in Spellcasting
 16222 | Lair:3   | Reached XP level 14. HP: 122/122 MP: 26/28
 16256 | Lair:3   | You fall into a shaft and drop 3 floors!
 16256 | Lair:6   | Entered Level 6 of the Lair of Beasts
 16305 | Lair:6   | Reached skill level 11 in Fighting
 16587 | Lair:6   | Reached skill level 10 in Invocations
 16891 | Lair:6   | Reached XP level 15. HP: 109/130 MP: 29/29
 16962 | Lair:6   | Found a frozen archway.
 16971 | IceCv    | Entered an ice cave
 17438 | IceCv    | Found an ancient bone altar of Kikubaaqudgha.
 17824 | IceCv    | Lost mutation: You are robust. (+10% HP) [evolution]
 18467 | Lair:5   | Found a staircase to the Slime Pits.
 18784 | Lair:3   | Found a hole to the Spider Nest.
 18785 | Lair:3   | Reached skill level 10 in Throwing
 18785 | Lair:3   | Reached skill level 10 in Shields
 18788 | Lair:3   | Reached ****** piety under Fedhas
 19177 | Lair:3   | Found a viscous altar of Jiyva.
 19807 | Lair:4   | Noticed Snorg
 19826 | Lair:4   | Killed Snorg
 20972 | Lair:6   | Lost mutation: You evolve. [end of evolution]
 21233 | Lair:6   | Reached skill level 10 in Short Blades
 21233 | Lair:6   | Reached skill level 10 in Long Blades
 21233 | Lair:6   | Reached skill level 10 in Axes
 21233 | Lair:6   | Reached skill level 10 in Maces & Flails
 21233 | Lair:6   | Reached skill level 10 in Polearms
 21233 | Lair:6   | Reached skill level 10 in Staves
 21233 | Lair:6   | Reached skill level 10 in Slings
 21233 | Lair:6   | Reached skill level 10 in Bows
 21233 | Lair:6   | Reached skill level 10 in Crossbows
 21233 | Lair:6   | Reached skill level 10 in Armour
 21233 | Lair:6   | Reached skill level 10 in Dodging
 21233 | Lair:6   | Reached skill level 10 in Stealth
 21233 | Lair:6   | Reached skill level 10 in Unarmed Combat
 21233 | Lair:6   | Reached skill level 10 in Evocations
 21858 | Orc:1    | Entered Level 1 of the Orcish Mines
 21859 | Orc:1    | Paralysed by an orc sorcerer for 3 turns
 22063 | Orc:2    | Entered Level 2 of the Orcish Mines
 22123 | Orc:2    | Found a staircase to the Elven Halls.
 22720 | Orc:2    | Noticed an orc warlord
 22792 | Orc:2    | Killed an orc warlord
 22864 | Orc:2    | Found a roughly hewn altar of Beogh.
 22926 | Orc:2    | Reached XP level 16. HP: 112/127 MP: 31/31
 23055 | Orc:2    | Found Goffi's Antique Armour Emporium.
 23083 | Orc:2    | Found Weaxin's Antique Weapon Emporium.
 23098 | Orc:2    | Found a runed translucent gate.
 23098 | Orc:2    | Found a runed translucent gate.
 23098 | Orc:2    | Found a runed translucent gate.
 23100 | Orc:2    | Noticed rz's ghost (journeyman HaHu)
 23100 | Orc:2    | Noticed Teryn's ghost (journeyman DsAK)
 23100 | Orc:2    | Noticed Melum's ghost (journeyman MiHu)
 23100 | Orc:2    | Noticed pkoi's ghost (journeyman MiMo)
 23101 | Orc:2    | Noticed ggurman's ghost (journeyman MiFi)
 23113 | Orc:2    | Found Gaclein's Book Emporium.
 23127 | Orc:2    | Found Ixkasuen's General Store.
 23135 | Orc:2    | Bought a scroll of identify for 22 gold pieces
 23962 | Orc:2    | Killed Teryn's ghost
 23962 | Orc:2    | Reached skill level 12 in Fighting
 23997 | Orc:2    | Killed rz's ghost
 24058 | Orc:2    | Killed ggurman's ghost
 24248 | Orc:2    | Killed Melum's ghost
 24356 | Orc:2    | Identified Selad's Reference Book on Creative Feathers
 24363 | Orc:2    | Learned a level 4 spell: Summon Lightning Spire
 24389 | Orc:2    | Learned a level 5 spell: Silence
 24414 | Orc:2    | Bought a glowing helmet for 172 gold pieces
 24425 | Orc:2    | Bought a faintly glowing chain mail for 218 gold pieces
 24425 | Orc:2    | Bought a bloodstained ring mail for 207 gold pieces
 24435 | Orc:2    | Identified the +5 chain mail of Satisfaction {*Slow rC+
                  | Int+3 Stlth+} (You bought it in a shop on level 2 of the
                  | Orcish Mines)
 24447 | Orc:2    | Identified the +4 ring mail "Icuuter" {rF++ Regen+ Int-4}
                  | (You bought it in a shop on level 2 of the Orcish Mines)
 24854 | D:12     | Noticed Azrael
 24878 | D:12     | HP: 3/127 [Azrael/damnation (19)]
 24884 | D:11     | Killed Azrael
 25056 | D:12     | Noticed Nergalle
 25076 | D:12     | Killed Nergalle
 25267 | D:12     | Noticed Sonja
 25270 | D:12     | Noticed Sonja
 25270 | D:12     | Sonja changed into Sonja the rime drake
 25283 | D:12     | Killed Sonja the rime drake
 26496 | D:13     | Got a translucent scale mail
 26644 | D:13     | Found a shadowy altar of Dithmenos.
 26850 | D:13     | Reached skill level 10 in Ice Magic
 26929 | D:14     | Identified the +10 scale mail "Boriu" {rPois rC+} (You
                  | found it on level 13 of the Dungeon)
 26950 | D:13     | Learned a level 5 spell: Borgnjor's Vile Clutch
 27085 | D:14     | Found a gate to the Vaults.
 27396 | D:14     | Reached skill level 10 in Necromancy
 27553 | D:14     | Found Zealewn's Magic Scroll Shoppe.
 27558 | D:14     | Bought a scroll of magic mapping for 45 gold pieces
 27558 | D:14     | Bought a scroll of enchant weapon for 97 gold pieces
 27558 | D:14     | Bought a scroll of torment for 97 gold pieces
 27558 | D:14     | Bought a scroll of holy word for 97 gold pieces
 27558 | D:14     | Bought a scroll of remove curse for 39 gold pieces
 27562 | D:14     | Bought a scroll of identify for 26 gold pieces
 27926 | D:15     | Entered Level 15 of the Dungeon
 28046 | D:15     | Found a shimmering altar of Xom.
 28138 | D:15     | Reached XP level 17. HP: 135/135 MP: 32/32
 28765 | D:15     | Found a staircase to the Depths.
 29182 | Orc:2    | Killed pkoi's ghost
 29207 | Elf:1    | Entered Level 1 of the Elven Halls
 29446 | Elf:1    | Found Hyifis's General Store.
 29464 | Elf:1    | Bought a scroll of identify for 26 gold pieces
 29977 | Elf:1    | Reached skill level 10 in Hexes
 30419 | Elf:1    | Identified Sif Muna's Almanac of Conjuration and the Escort
 30558 | Elf:1    | Reached skill level 13 in Fighting
 30665 | Elf:1    | Noticed a sphinx
 30884 | Elf:1    | Killed a sphinx
 31428 | Elf:1    | Reached skill level 10 in Conjurations
 31428 | Elf:1    | Reached skill level 10 in Summonings
 31428 | Elf:1    | Reached skill level 10 in Translocations
 31428 | Elf:1    | Reached skill level 10 in Transmutations
 31428 | Elf:1    | Reached skill level 10 in Fire Magic
 31428 | Elf:1    | Reached skill level 10 in Air Magic
 31428 | Elf:1    | Reached skill level 10 in Earth Magic
 31428 | Elf:1    | Reached skill level 10 in Poison Magic
 31614 | Elf:2    | Learned a level 1 spell: Apportation
 31714 | Elf:2    | Reached XP level 18. HP: 120/143 MP: 34/34
 31810 | Elf:2    | Found a runed translucent gate.
 31811 | Elf:2    | Found a runed translucent gate.
 31950 | Elf:2    | Found a runed translucent gate.
 33210 | Elf:3    | Entered Level 3 of the Elven Halls
 33755 | Elf:3    | Noticed a Tzitzimitl
 34035 | Elf:3    | Noticed a deep elf master archer
 34055 | Elf:3    | Identified the amulet "Losh" {Faith rElec rN+ Str-5 Dex+7}
 34109 | Elf:3    | Noticed a deep elf blademaster
 34126 | Elf:3    | Killed a deep elf blademaster
 34133 | Elf:3    | Noticed a deep elf master archer
 34146 | Elf:3    | Killed a deep elf master archer
 34147 | Elf:3    | Noticed a Tzitzimitl
 34147 | Elf:3    | Killed a deep elf master archer
 34657 | Elf:3    | Identified the +0 long sword of Resumed Hostilities
                  | {antimagic, Str-3 Dex+8}
 34663 | Elf:3    | Noticed an Ice Fiend
 34793 | Elf:3    | Noticed a deep elf blademaster
 34806 | Elf:3    | Killed a deep elf blademaster
 34823 | Elf:3    | Reached XP level 19. HP: 151/151 MP: 36/36
 34948 | Elf:3    | Identified the +8 mace "Liycher" {drain, Str+3}
 34963 | Elf:3    | Noticed an Ice Fiend
 34967 | Elf:3    | Noticed a Brimstone Fiend
 34967 | Elf:3    | Noticed an Ice Fiend
 34972 | Elf:3    | Noticed an Ice Fiend
 35281 | Elf:3    | Noticed a Tzitzimitl
 35286 | Elf:3    | Noticed a Tzitzimitl
 35510 | Elf:3    | Noticed an Ice Fiend
 35541 | Elf:3    | Noticed a Tzitzimitl
 35703 | Elf:3    | Noticed a Brimstone Fiend
 35705 | Elf:3    | Noticed a Hell Sentinel
 35765 | Elf:3    | Noticed a Brimstone Fiend
 35937 | Elf:3    | Identified The Foundations of Spellweaving
 35953 | Elf:3    | Identified Zucasma's Disquisition on Captivating Poison
 36037 | Elf:3    | Identified Ycveirue's Collected Works on the Arsonist and
                  | Intoxication
 36047 | Elf:3    | Got a jewelled dagger
 36048 | Elf:3    | Identified the cursed +2 dagger of the Forsaken Mice
                  | {antimagic, Dex+5} (You found it on level 3 of the Elven
                  | Halls)
 36479 | D:4      | Bought the ring of Egomania {rPois rF+ rC+ MR-} for 546
                  | gold pieces
 36486 | D:4      | Upgraded the game from 0.26-a0-649-gf8c6c3aab7 to
                  | 0.26-a0-651-gb41185065b
 37165 | Depths:1 | Entered Level 1 of the Depths
 37485 | Swamp:1  | Entered Level 1 of the Swamp
 37516 | Swamp:1  | Learned a level 5 spell: Fireball
 37660 | Swamp:1  | Noticed Donald
 37682 | Swamp:1  | Killed Donald
 38050 | Swamp:1  | Noticed Frances
 38257 | Swamp:1  | Reached skill level 14 in Fighting
 38485 | Swamp:1  | Found a runed translucent door.
 38717 | Swamp:1  | Killed Frances
 39318 | Swamp:1  | Found the +6 shillelagh "Devastator" {shatter}
 39330 | Swamp:1  | Got an encrusted flail
 39331 | Swamp:1  | Identified the +9 flail "Qergho Piel" {protect, rF+ Int+5}
                  | (You found it on level 1 of the Swamp)
 39435 | Swamp:2  | Noticed Nikola
 40621 | Swamp:2  | Killed from afar by Nikola

Illustrated notes

Levels and vault maps discovered:
D:1:      eino_arrival_druids_welcome, layout_loops_corners, st_stairs_12
D:2:      layout_basic, nicolae_overflow_crystal_walls
D:3:      layout_basic, minmay_lizard_king
D:4:      layout_cave_pools, lemuel_doored_altar, nicolae_ru_path_of_blood,
          elyvilon_altar_1, serial_forest, infiniplex_forest_lined_3,
          infiniplex_forest_3_way, infiniplex_forest_straight_4,
          infiniplex_forest_clump_medium, infiniplex_forest_corner_1,
          infiniplex_forest_straight_2, serial_shops, kennysheep_mini_moat
D:5:      layout_loops_ring, trog_eyes_of_draining,
          minmay_temple_entry_glassed_door, ebering_ghost_sewer_d, uniq_pikel
D:6:      kennysheep_kobold_camp, layout_basic, lemuel_round_altar
D:7:      layout_cave_pools, uniq_prince_ribbit1
D:8:      layout_basic, vehumet_statue, nicolae_overflow_hidden_temple,
          enter_bailey_2
D:9:      layout_loops_ring, cheibrodos_worm_habitat
D:10:     layout_roguey, david_orc_2, chequers_serial_rivers_room_b,
          nicolae_gozag_zags_fifth_avenue, uniq_joseph
D:11:     layout_loops_cross, minmay_lair_entry_grove
D:12:     layout_loops_ring, uniq_nergalle, uniq_sonja, uniq_azrael
D:13:     layout_basic, nicolae_dithmenos_shadow_blocks
D:14:     layout_basic, lightli_vaults_fourway_checkpoint,
          minmay_misc_feat_plants, serial_shops, shop
D:15:     hangedman_depths_entry_civil_slaughter, layout_loops_ring,
          moated_statue, basic_altar
Temple:   minmay_temple_bridge_abc
Lair:1:   minmay_guarded_unrand_snakebite, layout_gridlike, enter_volcano_4,
          grunt_megastairs_3
Lair:2:   layout_cave_pods, nicolae_swamp_entry_splash_gauntlet, uniq_erica,
          uniq_fannar
Lair:3:   layout_regular_city, nicolae_spider_entry_tight_spaces,
          gammafunk_ghost_ooze
Lair:4:   layout_loops_ring, patterned_corridor, infiniplex_staircase_pool_2,
          serial_bayou_shore_b, uniq_snorg
Lair:5:   layout_roguey, minmay_slime_entry_pillars,
          cheibrodos_lair_caveside_slide, grunt_megastairs_4
Lair:6:   minmay_lair_end_frog_pond, layout_layer_cave,
          portal_ice_cave_entry_imps, nicolae_quartered_pool_medium
Swamp:1:  gammafunk_mikee_crab_dinner, layout_basic_swamp,
          nicolae_swamp_treefoil, uniq_frances, uniq_donald
Swamp:2:  layout_basic_swamp, evilmike_swamp_ruin_house_3, swamp_pool2,
          uniq_nikola
Orc:1:    layout_caves
Orc:2:    grunt_orc_cross, layout_caves, gammafunk_ghost_cemetery
Elf:1:    eino_elf_arrival_customs, layout_rooms, special_room
          [special_room_mythical_zoo], serial_shops, shop, minmay_elf_sorcery
Elf:2:    layout_onion_city
Elf:3:    grunt_elf_hall_asides, layout_geoelf_octagon, st_stairs_3
Depths:1: layout_gridlike, enter_ziggurat_e, minmay_misc_feat_rows,
          hangedman_geh_valley, abyss_entry,
          minmay_checkered_concentric_circles, minmay_shop_star,
          serial_bayou_shore_b, uniq_bai_suzhen, uniq_saint_roka

Skill      XL: |  1  2  3  4  5  6  7  8  9 10 11 12 13 14 15 16 17 18 19 |
---------------+----------------------------------------------------------+-----
Hexes          | 2 3 5 6 7 8 9 10 11 | 11.2
Spellcasting   | 5 6 8 9 10 11 12 13 | 13.6
Invocations    | 1 2 3 4 6 7 8 9 10 11 12 13 | 13.9
Short Blades   | 1 2 3 6 7 8 9 10 11 12 | 12.9
Long Blades    | 1 2 3 6 7 8 9 10 11 12 | 12.9
Axes           | 1 2 3 6 7 8 9 10 11 12 | 12.9
Maces & Flails | 1 2 3 6 7 8 9 10 11 12 | 12.9
Polearms       | 1 2 3 6 7 8 9 10 11 12 | 12.9
Staves         | 1 2 3 6 7 8 9 10 11 12 | 12.9
Slings         | 1 2 3 6 7 8 9 10 11 12 | 12.9
Bows           | 1 2 3 6 7 8 9 10 11 12 | 12.9
Crossbows      | 1 2 3 6 7 8 9 10 11 12 | 12.9
Armour         | 1 2 3 6 7 8 9 10 11 12 | 12.9
Dodging        | 1 2 3 6 7 8 9 10 11 12 | 12.9
Stealth        | 1 2 3 6 7 8 9 10 11 12 | 12.9
Unarmed Combat | 1 2 3 6 7 8 9 10 11 12 | 12.9
Evocations     | 1 2 3 6 7 8 9 10 11 12 | 12.9
Conjurations   | 1 2 3 5 6 7 8 9 10 11 | 11.1
Summonings     | 1 2 3 5 6 7 8 9 10 11 | 11.1
Translocations | 1 2 3 5 6 7 8 9 10 11 | 11.1
Transmutations | 1 2 3 5 6 7 8 9 10 11 | 11.1
Fire Magic     | 1 2 3 5 6 7 8 9 10 11 | 11.1
Ice Magic      | 1 2 3 5 6 7 9 10 11 12 13 | 13.2
Air Magic      | 1 2 3 5 6 7 8 9 10 11 | 11.1
Earth Magic    | 1 2 3 5 6 7 8 9 10 11 | 11.1
Poison Magic   | 1 2 3 5 6 7 8 9 10 11 | 11.1
Throwing       | 3 4 6 7 8 9 10 11 12 13 | 13.1
Shields        | 3 4 6 7 8 9 10 11 12 13 | 13.1
Necromancy     | 4 5 6 7 8 9 10 11 | 11.6
Fighting       | 7 9 10 11 12 13 14 | 14.1

Action                   |  1- 3 |  4- 6 |  7- 9 | 10-12 | 13-15 | 16-18 | 19-21 || total
-------------------------+-------+-------+-------+-------+-------+-------+-------++-------
Melee: Dagger            |   221 |    42 |       |   115 |       |       |       ||   378
       Bite              |    23 |    22 |    56 |    77 |   203 |   267 |   101 ||   749
       War axe           |       |   155 |   371 |       |       |       |       ||   526
       Punch             |       |       |     8 |       |       |       |       ||     8
       Morningstar       |       |       |    33 |    27 |       |       |       ||    60
       Scimitar          |       |       |       |   448 |   375 |  1714 |   324 ||  2861
       Kick              |       |       |       |    36 |       |       |       ||    36
       Whip              |       |       |       |    30 |  1052 |    37 |   203 ||  1322
       Shillelagh        |       |       |       |       |       |       |   151 ||   151
Throw: Dart              |       |       |     4 |       |     5 |    21 |    18 ||    48
 Cast: Mephitic Cloud    |       |       |       |     6 |       |       |       ||     6
       Fireball          |       |       |       |       |       |       |    15 ||    15
       Summon Lightning  |       |       |       |       |       |       |     3 ||     3
       Blink             |       |       |       |       |       |       |     1 ||     1
Invok: Wall of Briars    |       |       |     1 |     2 |     4 |    15 |       ||    22
       Grow Ballistomyce |       |       |       |     3 |     5 |     6 |     3 ||    17
       Grow Oklob        |       |       |       |       |       |     2 |       ||     2
Evoke: Wand              |       |       |       |       |     9 |    18 |     1 ||    28
       Tin of tremorston |       |       |       |       |     2 |     3 |       ||     5
       Box of beasts     |       |       |       |       |       |     1 |       ||     1
       Condenser vane    |       |       |       |       |       |     1 |       ||     1
  Use: Scroll            |       |       |     5 |     6 |     5 |    14 |     7 ||    37
       Potion            |       |       |     2 |     3 |     2 |     3 |     1 ||    11
 Stab: Distracted        |       |       |       |     1 |       |     5 |     2 ||     8
       Sleeping          |       |       |       |     2 |     1 |    10 |     3 ||    16
       Petrified         |       |       |       |       |     9 |       |       ||     9
       Confused          |       |       |       |       |       |     1 |     5 ||     6
Armor: Fire dragon scale |   121 |   127 |   236 |   143 |       |       |       ||   627
       Robe              |     5 |       |       |       |       |       |       ||     5
       Chain mail        |       |       |       |   155 |   481 |   215 |       ||   851
       Scale mail        |       |       |       |       |       |   307 |   209 ||   516
Dodge: Dodged            |    96 |   140 |   222 |   369 |   533 |   553 |   203 ||  2116
Block: Buckler           |       |       |    34 |   300 |   760 |   390 |       ||  1484
       Tower shield      |       |       |       |       |       |  1084 |   719 ||  1803
       Rpst.: Scimitar   |       |       |       |    57 |    44 |   116 |    25 ||   242

Table legend: (Time is in decaauts)
 A = Elapsed time spent in this place.
 B = Non-inter-level travel time spent in this place.
 C = Inter-level travel time spent in this place.
 D = Time resting spent in this place.
 E = Time spent auto-exploring this place.
 F = Levels seen in this place.
 G = Mean time per level.
                   A        B        C        D        E       F      G
               +--------+--------+--------+--------+--------+-----+--------+
         Total |  40370 |  37159 |   3211 |   3122 |  23760 |  32 | 1261.6 |
       Dungeon |  18404 |  16369 |   2035 |    523 |  12010 |  15 | 1226.9 |
        Temple |     51 |     30 |     21 |      0 |     22 |   1 |   51.0 |
          Lair |   6773 |   6371 |    402 |    113 |   4765 |   6 | 1128.8 |
         Swamp |   3078 |   2987 |     91 |    562 |   1577 |   2 | 1539.0 |
  Orcish Mines |   3056 |   2776 |    280 |    209 |   1438 |   2 | 1528.0 |
   Elven Halls |   7192 |   6812 |    380 |   1262 |   3404 |   3 | 2397.3 |
        Depths |     22 |     22 |      0 |      0 |      0 |   1 |   22.0 |
        Bailey |    543 |    543 |      0 |      0 |    215 |   1 |  543.0 |
      Ice Cave |   1246 |   1246 |      0 |    452 |    327 |   1 | 1246.0 |
               +--------+--------+--------+--------+--------+-----+--------+

Top non-repeatable levels by time:
     D:6: 2932 daAuts
   Elf:3: 2490 daAuts
   Elf:1: 2484 daAuts
   Orc:2: 2454 daAuts
   Elf:2: 2218 daAuts
 Swamp:1: 2122 daAuts
  Lair:6: 1616 daAuts
     D:1: 1566 daAuts
     D:5: 1538 daAuts
     D:4: 1440 daAuts
   IceCv: 1246 daAuts
  Lair:2: 1203 daAuts
    D:15: 1200 daAuts
    D:14: 1182 daAuts
    D:12: 1135 daAuts
